2746 views
Uploaded 2020-02-16 16:39:12
Game version 1.32 / 1.32.1
18:05 long 4on4 ladder game on (8)MarketSquare
Saved by BEARAND
2746 views
Uploaded 2020-02-16 16:39:12
Game version 1.32 / 1.32.1
18:05 long 4on4 ladder game on (8)MarketSquare


140 units @ 20.9k
/ 2.5k
72 buildings @ 10.2k
/ 3.7k


| Scroll of Town Portal | 1 | 350 |
| total: | 1 | 350g |
| Peasant | 25 | 1875 | / | 0 |
| Footman | 7 | 945 | / | 0 |
| Rifleman | 9 | 1845 | / | 270 |
| Sorceress | 7 | 1085 | / | 140 |
| Spell Breaker | 4 | 860 | / | 120 |
| Priest | 2 | 270 | / | 20 |
| Dragonhawk Rider | 5 | 1000 | / | 150 |
| total: | 59 | 7880g | / | 700w |
| Scout Tower | 3 | 90 | / | 60 |
| Arcane Tower | 1 | 70 | / | 50 |
| Guard Tower | 1 | 70 | / | 50 |
| Altar of Kings | 1 | 180 | / | 50 |
| Farm | 14 | 1120 | / | 280 |
| Barracks | 1 | 160 | / | 60 |
| Arcane Vault | 1 | 130 | / | 30 |
| Town Hall | 1 | 385 | / | 205 |
| Lumber Mill | 1 | 120 | / | 0 |
| Blacksmith | 1 | 140 | / | 60 |
| Arcane Sanctum | 2 | 300 | / | 280 |
| Gryphon Aviary | 2 | 280 | / | 300 |
| Keep | 1 | 320 | / | 210 |
| Castle | 1 | 360 | / | 210 |
| total: | 27 | 2905g | / | 1325w |
| 0:02 | Peasant |
| 0:02 | Peasant |
| 0:08 | Altar of Kings |
| 0:19 | Farm |
| 0:22 | Barracks |
| 0:24 | Peasant |
| 0:46 | Peasant |
| 0:52 | Peasant |
| 1:09 | Farm |
| 1:19 | Peasant |
| 1:23 | Footman |
| 1:31 | Footman |
| 1:48 | Farm |
| 1:50 | Peasant |
| 1:54 | Peasant |
| 2:08 | Footman |
| 2:10 | Storm Bolt |
| 2:22 | Arcane Vault |
| 2:34 | Footman |
| 2:54 | Footman |
| 3:08 | Footman |
| 4:03 | Thunder Clap |
| 4:19 | Keep |
| 4:22 | Town Hall |
| 4:28 | Lumber Mill |
| 4:31 | Footman |
| 4:52 | Scout Tower |
| 5:08 | Blacksmith |
| 5:29 | Scout Tower |
| 5:34 | Arcane Tower |
| 6:02 | Scout Tower |
| 6:08 | Farm |
| 6:11 | Peasant |
| 6:11 | Peasant |
| 6:11 | Peasant |
| 6:31 | Guard Tower |
| 6:39 | Rifleman |
| 6:39 | Rifleman |
| 6:50 | Farm |
| 6:54 | Peasant |
| 6:54 | Peasant |
| 6:54 | Peasant |
| 6:57 | Improved Lumber Harvesting |
| 7:10 | Rifleman |
| 7:52 | Peasant |
| 7:52 | Peasant |
| 7:55 | Rifleman |
| 8:41 | Holy Light |
| 8:45 | Arcane Sanctum |
| 8:48 | Arcane Sanctum |
| 8:58 | Farm |
| 9:37 | Sorceress |
| 9:40 | Storm Bolt |
| 9:52 | Spell Breaker |
| 9:53 | Spell Breaker |
| 9:55 | Peasant |
| 9:55 | Peasant |
| 9:55 | Peasant |
| 9:59 | Peasant |
| 9:59 | Peasant |
| 9:59 | Peasant |
| 10:04 | Rifleman |
| 10:14 | Priest |
| 10:19 | Farm |
| 10:22 | Black Gunpowder |
| 10:53 | Peasant |
| 10:53 | Peasant |
| 10:58 | Farm |
| 11:01 | Sorceress |
| 11:04 | Farm |
| 11:30 | Long Rifles |
| 11:42 | Priest |
| 11:44 | Sorceress |
| 11:53 | Farm |
| 11:57 | Farm |
| 11:59 | Divine Shield |
| 12:13 | Peasant |
| 12:16 | Rifleman |
| 12:18 | Sorceress |
| 12:47 | Rifleman |
| 12:48 | Sorceress |
| 12:49 | Sorceress |
| 13:04 | Gryphon Aviary |
| 14:06 | Rifleman |
| 14:07 | Castle |
| 14:09 | Sorceress |
| 14:10 | Spell Breaker |
| 14:32 | Scroll of Town Portal |
| 14:43 | Dragonhawk Rider |
| 14:46 | Thunder Clap |
| 15:13 | Gryphon Aviary |
| 15:19 | Farm |
| 15:22 | Farm |
| 15:24 | Farm |
| 15:34 | Devotion Aura |
| 16:50 | Cloud |
| 16:51 | Dragonhawk Rider |
| 16:53 | Dragonhawk Rider |
| 16:53 | Dragonhawk Rider |
| 17:17 | Rifleman |
| 17:19 | Spell Breaker |
| 17:25 | Dragonhawk Rider |
| Right click | 267 |
| Select | 201 |
| Build/train/purchase | 80 |
| Select group | 52 |
| Assign group | 15 |
| Use ability | 12 |
| Chat | 5 |
| Minimap ping | 3 |
| Misc. action | 1 |


| Rod of Necromancy | 2 | 300 |
| Ritual Dagger | 2 | 250 |
| Potion of Healing | 1 | 150 |
| Dust of Appearance | 2 | 150 |
| Scroll of Town Portal | 1 | 350 |
| total: | 8 | 1200g |
| Acolyte | 2 | 150 | / | 0 |
| Ghoul | 3 | 360 | / | 0 |
| Crypt Fiend | 7 | 1505 | / | 280 |
| Frost Wyrm | 5 | 1925 | / | 600 |
| total: | 17 | 3940g | / | 880w |
| Graveyard | 1 | 215 | / | 0 |
| Crypt | 1 | 200 | / | 50 |
| Ziggurat | 6 | 900 | / | 300 |
| Altar of Darkness | 1 | 180 | / | 50 |
| Tomb of Relics | 1 | 130 | / | 30 |
| Sacrificial Pit | 1 | 75 | / | 150 |
| Boneyard | 2 | 350 | / | 400 |
| Halls of the Dead | 1 | 320 | / | 210 |
| Black Citadel | 1 | 325 | / | 230 |
| total: | 13 | 2050g | / | 980w |
| 0:04 | Acolyte |
| 0:05 | Acolyte |
| 0:09 | Graveyard |
| 0:13 | Crypt |
| 0:23 | Ziggurat |
| 0:38 | Altar of Darkness |
| 1:01 | Ziggurat |
| 1:20 | Ghoul |
| 1:30 | Ghoul |
| 1:35 | Tomb of Relics |
| 1:45 | Ghoul |
| 2:17 | Crypt Fiend |
| 2:29 | Crypt Fiend |
| 2:38 | Death Coil |
| 2:42 | Rod of Necromancy |
| 2:49 | Dust of Appearance |
| 3:34 | Crypt Fiend |
| 3:34 | Crypt Fiend |
| 3:49 | Creature Attack |
| 4:06 | Crypt Fiend |
| 4:09 | Ziggurat |
| 4:36 | Ziggurat |
| 4:44 | Ritual Dagger |
| 5:11 | Halls of the Dead |
| 5:42 | Crypt Fiend |
| 5:56 | Unholy Aura |
| 6:03 | Dust of Appearance |
| 6:12 | Rod of Necromancy |
| 6:16 | Ritual Dagger |
| 6:21 | Crypt Fiend |
| 7:41 | Sacrificial Pit |
| 7:42 | Black Citadel |
| 7:48 | Ziggurat |
| 8:38 | Creature Carapace |
| 9:15 | Frost Nova |
| 9:23 | Burrow |
| 9:24 | Web |
| 10:03 | Ziggurat |
| 10:07 | Boneyard |
| 10:09 | Boneyard |
| 10:37 | Potion of Healing |
| 10:44 | Scroll of Town Portal |
| 11:35 | Frost Wyrm |
| 12:27 | Frost Wyrm |
| 12:40 | Freezing Breath |
| 13:07 | Improved Creature Attack |
| 13:17 | Death Coil |
| 14:07 | Frost Wyrm |
| 14:52 | Frost Wyrm |
| 14:55 | Dark Ritual |
| 16:20 | Frost Wyrm |
| Right click | 407 |
| Select | 219 |
| Chat | 100 |
| Build/train/purchase | 49 |
| Select group | 27 |
| Use ability | 21 |
| Assign group | 5 |
| Item give/drop | 5 |
| Remove unit | 1 |


| Rod of Necromancy | 3 | 450 |
| Potion of Healing | 1 | 150 |
| Dust of Appearance | 1 | 75 |
| Scroll of Town Portal | 1 | 350 |
| total: | 6 | 1025g |
| Acolyte | 7 | 525 | / | 0 |
| Ghoul | 25 | 3000 | / | 0 |
| Crypt Fiend | 3 | 645 | / | 120 |
| total: | 35 | 4170g | / | 120w |
| Nerubian Tower | 1 | 100 | / | 20 |
| Spirit Tower | 10 | 1450 | / | 400 |
| Altar of Darkness | 1 | 180 | / | 50 |
| Ziggurat | 13 | 1950 | / | 650 |
| Crypt | 1 | 200 | / | 50 |
| Tomb of Relics | 1 | 130 | / | 30 |
| Graveyard | 2 | 430 | / | 0 |
| Necropolis | 1 | 225 | / | 0 |
| Halls of the Dead | 1 | 320 | / | 210 |
| Black Citadel | 1 | 325 | / | 230 |
| total: | 19 | 3115g | / | 780w |
| 0:05 | Acolyte |
| 0:05 | Acolyte |
| 0:42 | Altar of Darkness |
| 0:54 | Ziggurat |
| 1:15 | Crypt |
| 1:32 | Tomb of Relics |
| 1:54 | Ziggurat |
| 1:57 | Nerubian Tower |
| 2:16 | Ghoul |
| 2:20 | Ghoul |
| 2:30 | Ghoul |
| 2:46 | Rod of Necromancy |
| 2:46 | Rod of Necromancy |
| 3:02 | Ghoul |
| 3:08 | Sleep |
| 3:30 | Ghoul |
| 3:30 | Ghoul |
| 3:48 | Ziggurat |
| 3:50 | Ghoul |
| 3:54 | Dust of Appearance |
| 4:27 | Ghoul |
| 4:27 | Ghoul |
| 4:45 | Graveyard |
| 4:48 | Graveyard |
| 4:53 | Vampiric Aura |
| 5:07 | Halls of the Dead |
| 5:42 | Ghoul |
| 5:42 | Ghoul |
| 5:42 | Ghoul |
| 5:45 | Ghoul |
| 6:17 | Unholy Strength |
| 6:19 | Ghoul |
| 6:45 | Ghoul |
| 6:45 | Ghoul |
| 6:49 | Ziggurat |
| 7:09 | Ghoul |
| 7:11 | Unholy Armor |
| 7:40 | Sleep |
| 8:36 | Improved Unholy Strength |
| 8:37 | Ghoul |
| 8:39 | Ghoul |
| 8:59 | Rod of Necromancy |
| 9:03 | Death Coil |
| 9:56 | Scroll of Town Portal |
| 10:07 | Acolyte |
| 10:08 | Acolyte |
| 10:08 | Acolyte |
| 10:08 | Acolyte |
| 10:12 | Acolyte |
| 10:40 | Vampiric Aura |
| 10:48 | Ghoul |
| 10:49 | Ghoul |
| 10:49 | Ghoul |
| 10:54 | Ziggurat |
| 11:44 | Necropolis |
| 12:17 | Black Citadel |
| 12:19 | Spirit Tower |
| 12:22 | Spirit Tower |
| 12:30 | Unholy Aura |
| 13:53 | Ghoul |
| 13:53 | Ghoul |
| 13:54 | Ghoul |
| 14:08 | Potion of Healing |
| 14:14 | Spirit Tower |
| 14:32 | Ziggurat |
| 14:34 | Web |
| 14:47 | Ziggurat |
| 14:49 | Ziggurat |
| 14:54 | Ziggurat |
| 14:55 | Ziggurat |
| 14:55 | Ziggurat |
| 14:57 | Ziggurat |
| 15:03 | Ziggurat |
| 15:25 | Spirit Tower |
| 15:27 | Crypt Fiend |
| 15:33 | Crypt Fiend |
| 16:06 | Spirit Tower |
| 16:10 | Crypt Fiend |
| 16:14 | Spirit Tower |
| 16:23 | Spirit Tower |
| Right click | 761 |
| Select | 232 |
| Build/train/purchase | 78 |
| Use ability | 25 |
| Resource trade | 16 |
| Minimap ping | 6 |


| Rod of Necromancy | 1 | 150 |
| Orb of Corruption | 1 | 375 |
| Dust of Appearance | 1 | 75 |
| Scroll of Town Portal | 1 | 350 |
| total: | 4 | 950g |
| Acolyte | 7 | 525 | / | 0 |
| Ghoul | 3 | 360 | / | 0 |
| Crypt Fiend | 12 | 2580 | / | 480 |
| Obsidian Statue | 5 | 1000 | / | 175 |
| Abomination | 2 | 480 | / | 140 |
| total: | 29 | 4945g | / | 795w |
| Nerubian Tower | 1 | 100 | / | 20 |
| Altar of Darkness | 1 | 180 | / | 50 |
| Ziggurat | 7 | 1050 | / | 350 |
| Graveyard | 2 | 430 | / | 0 |
| Crypt | 1 | 200 | / | 50 |
| Tomb of Relics | 1 | 130 | / | 30 |
| Slaughterhouse | 1 | 140 | / | 135 |
| Halls of the Dead | 1 | 320 | / | 210 |
| Black Citadel | 1 | 325 | / | 230 |
| total: | 13 | 2130g | / | 615w |
| 0:02 | Acolyte |
| 0:03 | Acolyte |
| 0:08 | Altar of Darkness |
| 0:12 | Ziggurat |
| 0:37 | Graveyard |
| 0:41 | Crypt |
| 0:44 | Graveyard |
| 0:52 | Tomb of Relics |
| 1:16 | Ziggurat |
| 1:43 | Ghoul |
| 1:44 | Ghoul |
| 1:44 | Ghoul |
| 2:08 | Death Coil |
| 2:10 | Rod of Necromancy |
| 2:30 | Crypt Fiend |
| 3:01 | Crypt Fiend |
| 3:18 | Halls of the Dead |
| 3:32 | Crypt Fiend |
| 3:54 | Ziggurat |
| 4:02 | Unholy Aura |
| 4:06 | Crypt Fiend |
| 4:26 | Creature Attack |
| 4:56 | Dust of Appearance |
| 5:04 | Crypt Fiend |
| 5:33 | Ziggurat |
| 6:02 | Slaughterhouse |
| 6:21 | Burrow |
| 6:57 | Death Coil |
| 7:04 | Black Citadel |
| 7:10 | Obsidian Statue |
| 7:15 | Frost Nova |
| 7:33 | Obsidian Statue |
| 7:50 | Crypt Fiend |
| 7:53 | Ziggurat |
| 8:26 | Crypt Fiend |
| 8:48 | Frost Armor |
| 9:37 | Destroyer Form |
| 9:38 | Crypt Fiend |
| 9:49 | Web |
| 9:54 | Nerubian Tower |
| 9:56 | Improved Creature Attack |
| 10:04 | Creature Carapace |
| 10:44 | Obsidian Statue |
| 11:07 | Orb of Corruption |
| 11:13 | Scroll of Town Portal |
| 12:08 | Obsidian Statue |
| 12:11 | Crypt Fiend |
| 12:14 | Acolyte |
| 12:47 | Frost Nova |
| 12:54 | Unholy Aura |
| 13:02 | Acolyte |
| 13:02 | Acolyte |
| 13:02 | Acolyte |
| 13:02 | Acolyte |
| 14:25 | Ziggurat |
| 14:26 | Ziggurat |
| 16:09 | Crypt Fiend |
| 16:14 | Obsidian Statue |
| 17:25 | Abomination |
| 17:26 | Crypt Fiend |
| 17:28 | Crypt Fiend |
| 17:30 | Abomination |
| Right click | 799 |
| Select | 190 |
| Select group | 182 |
| Build/train/purchase | 64 |
| Assign group | 34 |
| Use ability | 34 |
| Misc. action | 9 |
| Minimap ping | 2 |
| Item give/drop | 1 |
100 units @ 9k
/ 0.8k
208 buildings @ 14.3k
/ 7.3k



| Peasant | 18 | 1350 | / | 0 |
| total: | 18 | 1350g | / | 0w |
| Scout Tower | 84 | 2520 | / | 1680 |
| Arcane Tower | 4 | 280 | / | 200 |
| Guard Tower | 38 | 2660 | / | 1900 |
| Altar of Kings | 1 | 180 | / | 50 |
| Farm | 3 | 240 | / | 60 |
| Lumber Mill | 1 | 120 | / | 0 |
| Town Hall | 1 | 385 | / | 205 |
| Arcane Vault | 1 | 130 | / | 30 |
| Keep | 1 | 320 | / | 210 |
| Castle | 1 | 360 | / | 210 |
| total: | 91 | 3575g | / | 2025w |
| 0:01 | Peasant |
| 0:06 | Altar of Kings |
| 0:12 | Peasant |
| 0:17 | Farm |
| 0:20 | Peasant |
| 0:34 | Peasant |
| 0:38 | Lumber Mill |
| 0:40 | Peasant |
| 0:52 | Scout Tower |
| 0:56 | Scout Tower |
| 1:14 | Peasant |
| 1:19 | Scout Tower |
| 1:21 | Scout Tower |
| 1:24 | Farm |
| 1:25 | Peasant |
| 1:28 | Arcane Tower |
| 1:30 | Scout Tower |
| 1:37 | Scout Tower |
| 1:39 | Scout Tower |
| 1:52 | Scout Tower |
| 1:54 | Peasant |
| 1:59 | Improved Masonry |
| 2:03 | Peasant |
| 2:07 | Blizzard |
| 2:13 | Guard Tower |
| 2:14 | Guard Tower |
| 2:15 | Arcane Tower |
| 2:17 | Peasant |
| 2:17 | Arcane Tower |
| 2:27 | Peasant |
| 2:32 | Scout Tower |
| 2:35 | Scout Tower |
| 2:36 | Scout Tower |
| 2:51 | Arcane Tower |
| 2:51 | Guard Tower |
| 2:52 | Scout Tower |
| 2:57 | Scout Tower |
| 3:00 | Guard Tower |
| 3:02 | Peasant |
| 3:08 | Guard Tower |
| 3:17 | Scout Tower |
| 3:18 | Scout Tower |
| 3:19 | Scout Tower |
| 3:22 | Scout Tower |
| 3:26 | Scout Tower |
| 3:27 | Scout Tower |
| 3:28 | Scout Tower |
| 3:29 | Scout Tower |
| 3:32 | Guard Tower |
| 3:50 | Peasant |
| 3:53 | Guard Tower |
| 3:55 | Scout Tower |
| 4:04 | Peasant |
| 4:08 | Guard Tower |
| 4:57 | Guard Tower |
| 4:59 | Scout Tower |
| 4:59 | Keep |
| 5:09 | Brilliance Aura |
| 5:38 | Guard Tower |
| 5:43 | Guard Tower |
| 5:57 | Scout Tower |
| 5:58 | Scout Tower |
| 6:02 | Guard Tower |
| 6:29 | Scout Tower |
| 6:30 | Scout Tower |
| 6:32 | Scout Tower |
| 6:33 | Guard Tower |
| 6:59 | Guard Tower |
| 7:31 | Guard Tower |
| 7:39 | Farm |
| 7:42 | Guard Tower |
| 7:44 | Scout Tower |
| 7:45 | Scout Tower |
| 7:46 | Scout Tower |
| 7:47 | Scout Tower |
| 7:47 | Scout Tower |
| 7:48 | Scout Tower |
| 8:22 | Peasant |
| 8:22 | Peasant |
| 8:32 | Advanced Masonry |
| 8:50 | Scout Tower |
| 8:52 | Scout Tower |
| 8:53 | Scout Tower |
| 8:53 | Scout Tower |
| 9:00 | Scout Tower |
| 9:03 | Scout Tower |
| 9:04 | Scout Tower |
| 9:05 | Scout Tower |
| 9:08 | Scout Tower |
| 9:09 | Scout Tower |
| 9:09 | Scout Tower |
| 9:10 | Scout Tower |
| 9:18 | Castle |
| 9:20 | Guard Tower |
| 9:22 | Scout Tower |
| 9:23 | Scout Tower |
| 9:33 | Storm Bolt |
| 9:37 | Guard Tower |
| 9:39 | Scout Tower |
| 9:40 | Scout Tower |
| 9:42 | Scout Tower |
| 9:54 | Guard Tower |
| 9:57 | Guard Tower |
| 10:02 | Guard Tower |
| 10:19 | Guard Tower |
| 11:04 | Town Hall |
| 11:07 | Scout Tower |
| 11:07 | Scout Tower |
| 11:08 | Scout Tower |
| 11:08 | Scout Tower |
| 11:40 | Guard Tower |
| 11:44 | Guard Tower |
| 12:05 | Guard Tower |
| 12:14 | Guard Tower |
| 12:37 | Scout Tower |
| 12:37 | Scout Tower |
| 12:38 | Scout Tower |
| 12:43 | Scout Tower |
| 12:44 | Scout Tower |
| 12:44 | Scout Tower |
| 12:45 | Scout Tower |
| 12:45 | Scout Tower |
| 12:45 | Scout Tower |
| 13:00 | Imbued Masonry |
| 13:11 | Scout Tower |
| 14:09 | Guard Tower |
| 14:11 | Scout Tower |
| 14:11 | Scout Tower |
| 14:12 | Scout Tower |
| 14:12 | Scout Tower |
| 14:13 | Scout Tower |
| 14:13 | Scout Tower |
| 14:14 | Scout Tower |
| 14:18 | Holy Light |
| 14:42 | Guard Tower |
| 14:43 | Guard Tower |
| 14:56 | Scout Tower |
| 14:56 | Scout Tower |
| 14:57 | Scout Tower |
| 14:58 | Scout Tower |
| 14:59 | Scout Tower |
| 15:02 | Guard Tower |
| 15:05 | Scout Tower |
| 15:06 | Scout Tower |
| 15:06 | Scout Tower |
| 15:07 | Scout Tower |
| 15:49 | Bash |
| 15:52 | Guard Tower |
| 15:53 | Guard Tower |
| 15:54 | Guard Tower |
| 16:11 | Guard Tower |
| 16:12 | Guard Tower |
| 16:19 | Arcane Vault |
| 16:51 | Guard Tower |
| 17:19 | Peasant |
| 17:21 | Peasant |
| 17:58 | Scout Tower |
| 17:58 | Scout Tower |
| 17:59 | Scout Tower |
| Right click | 920 |
| Select | 459 |
| Select group | 192 |
| Build/train/purchase | 103 |
| Assign group | 65 |
| Use ability | 37 |
| Minimap ping | 7 |
| Misc. action | 1 |


| Staff of Preservation | 2 | 300 |
| Lesser Clarity Potion | 1 | 70 |
| Orb of Venom | 1 | 325 |
| Boots of Speed | 2 | 500 |
| Staff of Teleportation | 2 | 300 |
| Potion of Lesser Invulnerability | 1 | 150 |
| Healing Salve | 1 | 100 |
| total: | 10 | 1745g |
| Wisp | 29 | 1740 | / | 0 |
| total: | 29 | 1740g | / | 0w |
| Altar of Elders | 1 | 180 | / | 50 |
| Moon Well | 8 | 1440 | / | 320 |
| Hunter's Hall | 1 | 210 | / | 100 |
| Ancient of Wonders | 1 | 90 | / | 30 |
| Tree of Life | 2 | 680 | / | 370 |
| Ancient of Wind | 1 | 150 | / | 140 |
| Tree of Ages | 1 | 320 | / | 180 |
| Tree of Eternity | 1 | 330 | / | 200 |
| total: | 14 | 2750g | / | 1010w |
| 0:01 | Wisp |
| 0:04 | Altar of Elders |
| 0:07 | Wisp |
| 0:17 | Moon Well |
| 0:18 | Wisp |
| 0:28 | Wisp |
| 0:53 | Wisp |
| 1:10 | Wisp |
| 1:17 | Wisp |
| 1:21 | Moon Well |
| 1:29 | Wisp |
| 1:35 | Wisp |
| 1:54 | Wisp |
| 2:04 | Shadow Strike |
| 2:09 | Wisp |
| 2:24 | Wisp |
| 2:36 | Wisp |
| 3:20 | Tree of Ages |
| 3:59 | Boots of Speed |
| 4:00 | Staff of Teleportation |
| 4:40 | Moon Well |
| 5:20 | Blink |
| 5:45 | Tree of Eternity |
| 6:46 | Mana Burn |
| 7:26 | Hunter's Hall |
| 7:38 | Boots of Speed |
| 7:38 | Staff of Teleportation |
| 8:28 | Well Spring |
| 8:32 | Moon Well |
| 9:37 | Ancient of Wonders |
| 9:55 | Potion of Lesser Invulnerability |
| 10:55 | Staff of Preservation |
| 11:14 | Tree of Life |
| 11:17 | Wisp |
| 11:17 | Wisp |
| 11:19 | Healing Salve |
| 11:23 | Lesser Clarity Potion |
| 12:00 | Moon Well |
| 12:03 | Wisp |
| 12:03 | Wisp |
| 12:23 | Wisp |
| 12:33 | Wisp |
| 12:33 | Wisp |
| 12:39 | Ultravision |
| 12:44 | Shadow Strike |
| 12:55 | Tree of Life |
| 13:19 | Evasion |
| 13:24 | Evasion |
| 14:13 | Ancient of Wind |
| 14:47 | Wisp |
| 14:48 | Wisp |
| 14:48 | Wisp |
| 14:57 | Wisp |
| 14:57 | Wisp |
| 14:57 | Wisp |
| 14:57 | Wisp |
| 15:00 | Staff of Preservation |
| 15:06 | Orb of Venom |
| 15:49 | Mana Burn |
| 16:04 | Blink |
| 16:12 | Wisp |
| 16:34 | Wisp |
| 16:55 | Moon Well |
| 17:39 | Moon Well |
| 17:59 | Moon Well |
| Right click | 1056 |
| Assign group | 560 |
| Select group | 458 |
| Select | 187 |
| Resource trade | 131 |
| Use ability | 92 |
| Build/train/purchase | 91 |
| Chat | 26 |
| Misc. action | 5 |
| Item give/drop | 3 |
| Remove unit | 1 |



| Staff of Sanctuary | 2 | 500 |
| Potion of Mana | 1 | 200 |
| Staff of Teleportation | 3 | 450 |
| Boots of Speed | 2 | 500 |
| Periapt of Vitality | 1 | 325 |
| Healing Salve | 2 | 200 |
| Orb of Lightning | 1 | 375 |
| total: | 12 | 2550g |
| Peasant | 18 | 1350 | / | 0 |
| Priest | 1 | 135 | / | 10 |
| Dragonhawk Rider | 5 | 1000 | / | 150 |
| total: | 24 | 2485g | / | 160w |
| Scout Tower | 57 | 1710 | / | 1140 |
| Arcane Tower | 4 | 280 | / | 200 |
| Guard Tower | 41 | 2870 | / | 2050 |
| Altar of Kings | 1 | 180 | / | 50 |
| Farm | 5 | 400 | / | 100 |
| Lumber Mill | 1 | 120 | / | 0 |
| Town Hall | 2 | 770 | / | 410 |
| Blacksmith | 1 | 140 | / | 60 |
| Barracks | 1 | 160 | / | 60 |
| Arcane Vault | 2 | 260 | / | 60 |
| Arcane Sanctum | 1 | 150 | / | 140 |
| Gryphon Aviary | 1 | 140 | / | 150 |
| Keep | 2 | 640 | / | 420 |
| Castle | 2 | 720 | / | 420 |
| total: | 72 | 4030g | / | 2170w |
| 0:01 | Peasant |
| 0:02 | Peasant |
| 0:07 | Altar of Kings |
| 0:09 | Peasant |
| 0:21 | Farm |
| 0:24 | Peasant |
| 0:33 | Scout Tower |
| 0:35 | Peasant |
| 0:37 | Peasant |
| 0:44 | Farm |
| 1:04 | Lumber Mill |
| 1:06 | Peasant |
| 1:17 | Peasant |
| 1:24 | Scout Tower |
| 1:38 | Peasant |
| 1:44 | Arcane Tower |
| 1:47 | Peasant |
| 2:00 | Scout Tower |
| 2:08 | Blizzard |
| 2:11 | Guard Tower |
| 2:15 | Peasant |
| 2:15 | Peasant |
| 2:35 | Peasant |
| 2:37 | Scout Tower |
| 2:40 | Guard Tower |
| 2:48 | Peasant |
| 2:59 | Scout Tower |
| 3:00 | Scout Tower |
| 3:06 | Guard Tower |
| 3:26 | Brilliance Aura |
| 3:32 | Keep |
| 3:39 | Guard Tower |
| 3:50 | Farm |
| 3:50 | Farm |
| 3:52 | Healing Salve |
| 4:05 | Guard Tower |
| 4:08 | Scout Tower |
| 4:09 | Scout Tower |
| 4:53 | Improved Masonry |
| 5:15 | Town Hall |
| 5:18 | Scout Tower |
| 5:18 | Scout Tower |
| 5:30 | Scout Tower |
| 5:42 | Guard Tower |
| 5:44 | Guard Tower |
| 5:45 | Scout Tower |
| 5:46 | Scout Tower |
| 5:47 | Scout Tower |
| 5:49 | Scout Tower |
| 5:50 | Scout Tower |
| 5:50 | Scout Tower |
| 6:15 | Guard Tower |
| 6:20 | Arcane Sanctum |
| 6:21 | Improved Lumber Harvesting |
| 6:42 | Blizzard |
| 6:44 | Guard Tower |
| 6:47 | Peasant |
| 6:48 | Peasant |
| 6:48 | Peasant |
| 6:56 | Storm Bolt |
| 6:58 | Healing Salve |
| 7:31 | Guard Tower |
| 7:34 | Magic Sentry |
| 7:35 | Priest |
| 7:45 | Arcane Tower |
| 7:58 | Scout Tower |
| 7:58 | Scout Tower |
| 8:00 | Scout Tower |
| 8:00 | Scout Tower |
| 8:03 | Guard Tower |
| 8:06 | Gryphon Aviary |
| 8:07 | Blacksmith |
| 8:08 | Barracks |
| 8:10 | Arcane Vault |
| 8:24 | Arcane Tower |
| 8:26 | Guard Tower |
| 8:31 | Guard Tower |
| 8:41 | Scout Tower |
| 8:41 | Scout Tower |
| 8:41 | Scout Tower |
| 8:42 | Scout Tower |
| 8:52 | Guard Tower |
| 8:55 | Scout Tower |
| 8:56 | Scout Tower |
| 8:56 | Scout Tower |
| 8:57 | Scout Tower |
| 9:12 | Staff of Teleportation |
| 9:12 | Boots of Speed |
| 9:29 | Guard Tower |
| 9:30 | Guard Tower |
| 9:58 | Guard Tower |
| 9:58 | Guard Tower |
| 10:11 | Staff of Teleportation |
| 11:08 | Town Hall |
| 11:12 | Guard Tower |
| 11:14 | Scout Tower |
| 11:17 | Scout Tower |
| 11:56 | Guard Tower |
| 11:58 | Scout Tower |
| 11:59 | Scout Tower |
| 11:59 | Scout Tower |
| 12:02 | Advanced Masonry |
| 12:16 | Scout Tower |
| 12:17 | Scout Tower |
| 12:18 | Scout Tower |
| 12:18 | Scout Tower |
| 12:31 | Guard Tower |
| 12:35 | Dragonhawk Rider |
| 12:35 | Dragonhawk Rider |
| 13:40 | Castle |
| 13:42 | Guard Tower |
| 13:56 | Guard Tower |
| 13:59 | Scout Tower |
| 13:59 | Scout Tower |
| 14:13 | Farm |
| 14:18 | Scout Tower |
| 14:20 | Dragonhawk Rider |
| 14:25 | Guard Tower |
| 14:48 | Orb of Lightning |
| 14:53 | Peasant |
| 15:00 | Guard Tower |
| 15:40 | Bash |
| 16:05 | Scout Tower |
| 16:06 | Scout Tower |
| 16:06 | Scout Tower |
| 16:07 | Scout Tower |
| 16:07 | Scout Tower |
| 16:10 | Studded Leather Armor |
| 16:11 | Dragonhawk Rider |
| 16:12 | Dragonhawk Rider |
| 16:23 | Arcane Vault |
| 16:28 | Scout Tower |
| 16:28 | Scout Tower |
| 16:29 | Scout Tower |
| 16:29 | Scout Tower |
| 16:30 | Scout Tower |
| 16:30 | Scout Tower |
| 16:31 | Scout Tower |
| 16:32 | Scout Tower |
| 16:32 | Scout Tower |
| 16:33 | Scout Tower |
| 16:33 | Scout Tower |
| 16:36 | Arcane Tower |
| 16:37 | Imbued Masonry |
| 17:14 | Holy Light |
| 17:22 | Staff of Sanctuary |
| 17:27 | Staff of Sanctuary |
| 17:29 | Potion of Mana |
| 17:31 | Guard Tower |
| 17:31 | Guard Tower |
| 17:46 | Staff of Teleportation |
| 17:46 | Boots of Speed |
| 17:51 | Periapt of Vitality |
| Right click | 1500 |
| Select | 421 |
| Select group | 245 |
| Build/train/purchase | 147 |
| Use ability | 48 |
| Chat | 39 |
| Misc. action | 19 |
| Assign group | 13 |
| Minimap ping | 6 |
| Resource trade | 6 |
| Item give/drop | 1 |
| Esc | 1 |

| Lesser Clarity Potion | 4 | 280 |
| Healing Salve | 2 | 200 |
| Orb of Lightning | 2 | 750 |
| Boots of Speed | 1 | 250 |
| Staff of Teleportation | 1 | 150 |
| total: | 10 | 1630g |
| Peon | 14 | 1050 | / | 0 |
| Troll Batrider | 15 | 2400 | / | 600 |
| total: | 29 | 3450g | / | 600w |
| Watch Tower | 17 | 1870 | / | 1360 |
| Altar of Storms | 1 | 180 | / | 50 |
| Orc Burrow | 4 | 640 | / | 160 |
| War Mill | 1 | 205 | / | 0 |
| Voodoo Lounge | 5 | 650 | / | 150 |
| Beastiary | 3 | 435 | / | 420 |
| Stronghold | 2 | 630 | / | 380 |
| Fortress | 1 | 325 | / | 190 |
| total: | 31 | 3980g | / | 2140w |
| 0:02 | Peon |
| 0:02 | Peon |
| 0:06 | Altar of Storms |
| 0:09 | Orc Burrow |
| 0:15 | Peon |
| 0:35 | Peon |
| 0:42 | War Mill |
| 0:47 | Peon |
| 0:56 | Peon |
| 1:10 | Voodoo Lounge |
| 1:16 | Peon |
| 1:16 | Peon |
| 1:26 | Peon |
| 1:38 | Peon |
| 1:54 | Watch Tower |
| 1:58 | Peon |
| 2:03 | Watch Tower |
| 2:07 | Wind Walk |
| 2:11 | Peon |
| 2:14 | Lesser Clarity Potion |
| 2:14 | Lesser Clarity Potion |
| 2:15 | Healing Salve |
| 2:15 | Healing Salve |
| 2:45 | Stronghold |
| 2:55 | Watch Tower |
| 3:07 | Watch Tower |
| 3:28 | Orc Burrow |
| 3:49 | Boots of Speed |
| 4:11 | Critical Strike |
| 4:19 | Critical Strike |
| 4:22 | Staff of Teleportation |
| 4:35 | Watch Tower |
| 5:06 | Peon |
| 5:06 | Peon |
| 5:07 | Reinforced Defenses |
| 5:37 | Voodoo Lounge |
| 5:56 | Watch Tower |
| 5:57 | Fortress |
| 6:00 | Beastiary |
| 6:27 | Voodoo Lounge |
| 6:29 | Voodoo Lounge |
| 6:38 | Voodoo Lounge |
| 6:42 | Beastiary |
| 6:44 | Orc Burrow |
| 6:46 | Watch Tower |
| 7:20 | Troll Batrider |
| 7:33 | Troll Batrider |
| 7:50 | Troll Batrider |
| 8:21 | Lesser Clarity Potion |
| 8:31 | Orb of Lightning |
| 8:31 | Orb of Lightning |
| 9:03 | Liquid Fire |
| 9:03 | Troll Batrider |
| 9:29 | Wind Walk |
| 9:56 | Troll Batrider |
| 10:03 | Watch Tower |
| 10:04 | Watch Tower |
| 10:30 | Troll Batrider |
| 10:32 | Troll Batrider |
| 11:14 | Troll Batrider |
| 11:19 | Orc Burrow |
| 11:20 | Watch Tower |
| 11:58 | Watch Tower |
| 12:00 | Watch Tower |
| 12:33 | Troll Batrider |
| 12:48 | Critical Strike |
| 13:42 | Watch Tower |
| 13:43 | Watch Tower |
| 13:43 | Watch Tower |
| 13:47 | Steel Ranged Weapons |
| 14:18 | Troll Batrider |
| 14:37 | Troll Batrider |
| 14:40 | Beastiary |
| 14:54 | Watch Tower |
| 14:55 | Watch Tower |
| 15:39 | Troll Batrider |
| 15:40 | Troll Batrider |
| 15:45 | Lesser Clarity Potion |
| 15:58 | Troll Batrider |
| 17:09 | Wind Walk |
| 17:55 | Troll Batrider |
| Right click | 773 |
| Select group | 263 |
| Select | 145 |
| Build/train/purchase | 98 |
| Chat | 48 |
| Use ability | 38 |
| Misc. action | 31 |
| Assign group | 28 |
| Resource trade | 28 |
| Item give/drop | 3 |
| Esc | 1 |
⇛